 Dungeon Crawl Stone Soup version 0.27.1-4-g1640c2035a (webtiles) character file.

Game seed: 5670471755288670237

144 TheDoctor the Magician (level 5, -5/40 HPs)
             Began as a Djinni Hedge Wizard on Nov 11, 2021.
             Killed by divine providence
             ... invoked by an orc priest
              (11 damage)
             ... on level 3 of the Dungeon.
             The game lasted 00:05:04 (4420 turns).

TheDoctor the Magician (Djinni Hedge Wizard)        Turns: 4420, Time: 00:05:04

Health: -5/40      AC:  3    Str:  9    XL:     5   Next: 52%
Gold:   113        EV: 12    Int: 16    God:
                   SH:  0    Dex: 13

rFire    + + .     SeeInvis .   g - +0 short sword (venom)
rCold    x . .     Faith    .   (no shield)
rNeg     . . .     Spirit   .   b - +0 robe
rPois    ∞         Reflect  .   c - +0 hat
rElec    .         Harm     .   i - +0 cloak
rCorr    .         Rampage  .   (no gloves)
Will     .....                  (boots unavailable)
Stlth    ++........             (no amulet)
HPRegen  0.13/turn              (no ring)
MPRegen  0.00/turn              (no ring)

@: flying
A: sickness immunity, fire resistance 2, cold vulnerability 1, float, innate
caster, hp casting, extra vitality 1
a: no special abilities


You were on level 3 of the Dungeon.
You visited 1 branch of the dungeon, and saw 3 of its levels.

You collected 113 gold pieces.

Inventory:

Hand Weapons
 g - a +0 short sword of venom (weapon)
Armour
 b - a +0 robe (worn)
 c - a +0 hat (worn)
 i - a +0 cloak (worn)
Scrolls
 d - 2 scrolls of teleportation {unknown}
 e - 5 scrolls of identify {unknown}
 f - a scroll of blinking {unknown}
 h - 3 scrolls of noise {unknown}
 j - a scroll of fear {unknown}
 k - a scroll of enchant armour {unknown}
Potions
 a - a potion of lignification {unknown}


   Skills:
 + Level 3.2 Fighting
 - Level 2.1 Dodging
 - Level 1.5 Stealth
 + Level 3.6 Spellcasting


You couldn't memorise any spells.
You knew the following spells:

 Your Spells              Type           Power      Damage    Failure   Level
a - Magic Dart            Conj           56%        1d5       4%          1
b - Blink                 Tloc           N/A        N/A       6%          2
c - Call Imp              Summ           14%        N/A       6%          2
d - Slow                  Hex            14%        N/A       6%          2
e - Conjure Flame         Conj/Fire      14%        6-21      12%         3
f - Mephitic Cloud        Conj/Pois/Air  14%        N/A       12%         3
g - Freeze                Ice            56%        1d7       4%          1
h - Searing Ray           Conj           28%        3d4       6%          2
Your spell library was empty.

Dungeon Overview and Level Annotations

Branches:
Dungeon (3/15)

Altars:

Shops:
D:1 ((:[

Annotations:
D:3 1 runed translucent door, Crazy Yiuf


Innate Abilities, Weirdness & Mutations

You are immune to sickness and miasma.
You are immune to poison.
Your flesh is very heat resistant. (rF++)
You are vulnerable to cold. (rC-)
You float through the air rather than walking.
You learn spells naturally, not from books.
Your magical power is your life essence.
You have superior vitality. (+4 HP)


Message History

You see here a +0 mace.
Casting: Magic Dart (safe; 4% risk of failure)
Confirm with . or Enter, or press ? or * to list all spells.
Aiming: Freeze (safe; 4% risk of failure)
Press: ? - help, Shift-Dir - straight line, f/p - orc priest
Aim: an orc priest, wielding a +0 club and wearing a +0 chain mail You freeze the orc priest.
The orc priest is moderately wounded.
The ball python hisses angrily.
The orc priest barely misses you.
Casting: Freeze (safe; 4% risk of failure)
Confirm with . or Enter, or press ? or * to list all spells.
Aiming: Freeze (safe; 4% risk of failure)
Press: ? - help, Shift-Dir - straight line, f/p - orc priest
Aim: an orc priest, wielding a +0 club and wearing a +0 chain mail (moderately wounded)
You freeze the orc priest.
The orc priest is heavily wounded.
* * * LOW HITPOINT WARNING * * *
The orc priest hits you with a +0 club.
* * * LOW HITPOINT WARNING * * *
Casting: Freeze (safe; 4% risk of failure)
Confirm with . or Enter, or press ? or * to list all spells.
Aiming: Freeze (safe; 4% risk of failure)
Press: ? - help, Shift-Dir - straight line, f/p - orc priest
Aim: an orc priest, wielding a +0 club and wearing a +0 chain mail (heavily wounded)
You freeze the orc priest.
The orc priest is severely wounded.
* * * LOW HITPOINT WARNING * * *
The orc priest looks encouraged for a moment.
Casting: Freeze (safe; 4% risk of failure)
Confirm with . or Enter, or press ? or * to list all spells.
Aiming: Freeze (safe; 4% risk of failure)
Press: ? - help, Shift-Dir - straight line, f/p - orc priest
Aim: an orc priest, wielding a +0 club and wearing a +0 chain mail (severely wounded)
You freeze the orc priest.
The orc priest is almost dead.
* * * LOW HITPOINT WARNING * * *
The orc priest mumbles some strange prayers to Beogh against you.
Beogh smites you!
You die...

#.(.........#. #####.
#..........<. #.....
#..........############)####
#.........)'............#
#?.........############## #
#.........S# # #.....$....#
# #..........###### #
#.........o@....# #
##########......# # #......#
# #......# # #......# #
#.....=# # #......# #
#......# # #......# #


You could see an orc priest and a ball python.

Vanquished Creatures
  An iguana (D:2)
  An orc wizard (D:3)
  An adder (D:3)
  A gnoll (D:1)
  A worm (D:2)
  2 dart slugs (D:1)
  3 orcs (D:3)
  4 ball pythons
  7 bats
  10 endoplasms
  3 giant cockroaches
  6 hobgoblins
  4 jackals
  5 kobolds
  3 quokkas
  4 goblins
  A rat (D:1)
57 creatures vanquished.

Notes
Turn   | Place    | Note
-------+----------+-------------------------------------------
     0 | D:1      | TheDoctor the Djinni Hedge Wizard began the quest for the
                  | Orb.
     0 | D:1      | Reached XP level 1. HP: 15/15 MP: 0/0
    15 | D:1      | Found Enafi's Weapon Shop.
   286 | D:1      | Found Riutezai's Antique Weapon Shoppe.
   580 | D:1      | Reached XP level 2. HP: 16/22 MP: 0/0
   602 | D:1      | Reached skill level 1 in Fighting
   949 | D:1      | Reached XP level 3. HP: 25/27 MP: 0/0
   949 | D:1      | Learned a level 1 spell: Freeze
  1655 | D:1      | Found Leqae's Antique Armour Boutique.
  1780 | D:1      | Found Uciajoil's Book Boutique.
  1881 | D:1      | Found a faded altar of an unknown god.
  1882 | D:1      | Noticed a great orb of eyes
  1905 | D:1      | Noticed an eye of devastation
  1905 | D:1      | Noticed an eye of devastation
  1905 | D:1      | Noticed an eye of devastation
  2341 | D:2      | Reached XP level 4. HP: 29/33 MP: 0/0
  3739 | D:3      | Reached XP level 5. HP: 36/40 MP: 0/0
  3739 | D:3      | Learned a level 2 spell: Searing Ray
  3970 | D:3      | Found a runed translucent door.
  3971 | D:3      | Noticed Crazy Yiuf
  4420 | D:3      | Killed from afar by an orc priest

Illustrated notes

Levels and vault maps discovered:
D:1:      dpeg_arrival_short_road, layout_loops_corners,
          hellmonk_ecumenical_altar_watching_god, serial_shops, shop,
          shop_statue, nicolae_square_shop, nicolae_shop_waterfront,
          st_stairs_6, minmay_tetromino_i2
D:2:      layout_basic, minmay_misc_feat_rows, st_stairs_7
D:3:      layout_basic, uniq_crazy_yiuf_cottage

Skill      XL: |  1  2  3  4  5 |
---------------+----------------+-----
Fighting       | 1 2 3 |  3.2
Spellcasting   | 3 |  3.6
Dodging        | |  2.1
Stealth        | |  1.5

Action                   |  1- 3 |  4- 6 || total
-------------------------+-------+-------++-------
Melee: Short sword       |       |    12 ||    12
 Cast: Magic Dart        |    84 |    78 ||   162
       Freeze            |     1 |    10 ||    11
       Mephitic Cloud    |       |     2 ||     2
 Stab: Sleeping          |       |     1 ||     1
Armor: Robe              |     1 |    10 ||    11
Dodge: Dodged            |    12 |    20 ||    32
